 Dungeon Crawl Stone Soup version 0.29.0-10-g45618ea6d2 (webtiles) character file.

Game seed: 1599455777377559609

95931 concernfroge the Spear-Bearer (level 15, -14/115 HPs)
             Began as a Mummy Monk on Aug 31, 2022.
             Was an Initiate of Gozag.
             Demolished by a titanic slime creature (22 damage)
             ... on level 13 of the Dungeon on Sept 1, 2022.
             The game lasted 02:13:37 (32398 turns).

concernfroge the Spear-Bearer (Mummy Monk)         Turns: 32398, Time: 02:13:38

Health: -14/115    AC: 27    Str: 21    XL:     15   Next: 67%
Magic:  15/15      EV: 14    Int:  9    God:    Gozag
Gold:   3640       SH: 15    Dex: 16    Spells: 14/14 levels left

rFire   . . .      SeeInvis .   N - +3 trident (freeze)
rCold   + . .      Faith    .   r - +0 kite shield
rNeg    + + +      Spirit   .   k - +4 ring mail {rF+}
rPois   ∞          Reflect  +   c - +2 helmet
rElec   .          Harm     .   J - +0 cloak
rCorr   .          Rampage  .   e - +2 pair of gloves
Will    ++...                   h - +2 pair of boots
Stlth   +.........              u - amulet of reflection
HPRegen 0.29/turn               x - ring of willpower
MPRegen 0.14/turn               v - +4 ring of protection

@: no status effects
A: cold resistance 1, negative energy resistance 3, torment resistance 2, heat
vulnerability 1, in touch with death 2, no potions
a: Renounce Religion, Potion Petition, Call Merchant, Bribe Branch


You were on level 13 of the Dungeon.
You worshipped Gozag.
Gozag was most pleased with you.
You visited 4 branches of the dungeon, and saw 22 of its levels.

You collected 8452 gold pieces.
You spent 1573 gold pieces at shops.
You paid 3239 gold pieces to Gozag.

Inventory:

Hand Weapons
 N - a +3 trident of freezing (weapon)
Missiles
 f - 28 poisoned darts
 l - 20 boomerangs
 m - 5 datura-tipped darts (quivered)
 q - 3 curare-tipped darts
 t - 12 atropa-tipped darts
 B - 6 javelins
Armour
 c - a +2 helmet (worn)
 e - a +2 pair of gloves (worn)
 h - a +2 pair of boots (worn)
 k - a +4 ring mail of fire resistance (worn)
 r - a +0 kite shield (worn)
 J - a +0 cloak (worn)
Jewellery
 p - a +4 ring of evasion
 u - an amulet of reflection (around neck)
 v - a +4 ring of protection (right hand)
 x - a ring of willpower (left hand)
 D - an amulet of regeneration
Wands
 i - a wand of digging (7)
 n - a wand of polymorph (5)
Scrolls
 d - 4 scrolls of amnesia
 g - a scroll of magic mapping
 j - 2 scrolls of silence
 s - 5 scrolls of noise
 y - a scroll of butterflies
 z - a scroll of vulnerability
 A - a scroll of teleportation
 G - 3 scrolls of fear
 H - 2 scrolls of poison
 M - a scroll of immolation
Miscellaneous
 o - a tin of tremorstones (inert)
 C - a lightning rod (inert)


   Skills:
 - Level 10.0 Fighting
 - Level 14.0 Polearms
 - Level 4.4 Throwing
 - Level 10.0 Armour
 - Level 10.0 Dodging
 - Level 1.5 Stealth
 + Level 6.1 Shields
 - Level 10.0 Evocations


You had 14 spell levels left.
You didn't know any spells.
Your spell library contained the following spells:

 Spells                   Type           Power      Damage    Failure   Level
 Apportation              Tloc           0%         N/A       86%         1
 Necrotise                Necr           0%         1d4       86%         1
 Shock                    Conj/Air       0%         1d3       86%         1
 Blink                    Tloc           0%         N/A       94%         2
 Poisonous Vapours        Pois/Air       0%         N/A       94%         2
 Static Discharge         Conj/Air       0%         3-3/arc   94%         2
 Dazzling Flash           Conj/Hex       0%         N/A       99%         3
 Gell's Gravitas          Tloc           0%         N/A       99%         3
 Inner Flame              Hex/Fire       0%         N/A       99%         3
 Lesser Beckoning         Tloc           0%         N/A       99%         3
 Stone Arrow              Conj/Erth      0%         3d7       99%         3
 Swiftness                Air            0%         N/A       99%         3
 Teleport Other           Tloc           0%         N/A       99%         3
 Vampiric Draining        Necr           0%         2d6       99%         3
 Airstrike                Air            0%         2d(0-16)  100%        4
 Animate Armour           Summ/Erth      0%         N/A       100%        4
 Cause Fear               Hex            0%         N/A       100%        4
 Hailstorm                Conj/Ice       0%         3d3       100%        4
 Iskenderun's Mystic Bla  Conj/Tloc      0%         2d3       100%        4
 Summon Lightning Spire   Summ/Air       0%         N/A       100%        4
 Agony                    Necr           0%         N/A       100%        5
 Alistair's Intoxication  Tmut/Pois      0%         N/A       100%        5
 Lightning Bolt           Conj/Air       0%         1d11      100%        5
 Manifold Assault         Tloc           0%         N/A       100%        5
 Silence                  Hex/Air        0%         N/A       100%        5
 Starburst                Conj/Fire      0%         6d3       100%        6
 Discord                  Hex            0%         N/A       100%        8
 Lehudib's Crystal Spear  Conj/Erth      0%         10d2      100%        8
 Maxwell's Capacitive Co  Air            0%         ∞         100%        8
 Corpse Rot               Necr/Pois/Air  Unusable   N/A       N/A         4
 Ice Form                 Ice/Tmut       Unusable   N/A       N/A         4
 Simulacrum               Ice/Necr       Unusable   N/A       N/A         6
 Storm Form               Tmut/Air       Unusable   N/A       N/A         7

Dungeon Overview and Level Annotations

Branches:
Dungeon (14/15)            Temple (1/1) D:4            Lair (5/5) D:10
  Swamp (0/4) Lair:2        Snake (0/4) Lair:3        Slime (0/5) Lair:5
    Orc (2/2) D:10            Elf (0/3) Orc:2
 Vaults: D:13-14

Altars:
Ashenzari
Cheibriados
Dithmenos
Fedhas
Gozag
Hepliaklqana
Kikubaaqudgha
Makhleb
Nemelex Xobeh
Okawaru
Qazlal
Ru
Sif Muna
Trog
Uskayaw
Vehumet
Wu Jian
Xom
Yredelemnul
Jiyva

Shops:
D:4 *   D:11 *   Orc:2 ([**!

Annotations:
D:10 3 runed translucent doors
Lair:5 1 runed translucent door


Innate Abilities, Weirdness & Mutations

You are immune to poison.
Your flesh is cold resistant. (rC+)
You are immune to negative energy. (rN+++)
You are immune to unholy pain and torment.
You are vulnerable to heat. (rF-)
You are strongly in touch with the powers of death.
You do not drink.


Message History

Two slime creatures merge to form a titanic slime creature.
You puncture the titanic slime creature!
You freeze the titanic slime creature.
The titanic slime creature is severely wounded.
You puncture the titanic slime creature!
You freeze the titanic slime creature.
The titanic slime creature is severely wounded.
The titanic slime creature hits you!!!
You hit the titanic slime creature. You freeze the titanic slime creature.
The titanic slime creature is severely wounded.
You block the titanic slime creature's attack.
You puncture the titanic slime creature!
You freeze the titanic slime creature.
The titanic slime creature is almost dead.
You block the titanic slime creature's attack.
You barely miss the titanic slime creature.
The titanic slime creature is almost dead.
You puncture the titanic slime creature!
You freeze the titanic slime creature.
The titanic slime creature is almost dead.
The titanic slime creature hits you!!!
Ouch! That really hurt!
* * * LOW HITPOINT WARNING * * *
You puncture the titanic slime creature!
You freeze the titanic slime creature.
The titanic slime creature is almost dead.
You block the titanic slime creature's attack.
You barely miss the titanic slime creature.
The titanic slime creature is almost dead.
The titanic slime creature hits you but does no damage.
You barely miss the titanic slime creature.
The titanic slime creature is almost dead.
You barely miss the titanic slime creature.
The titanic slime creature is almost dead.
You block the titanic slime creature's attack.
You hit the titanic slime creature but do no damage.
The titanic slime creature is almost dead.
The titanic slime creature hits you!!
You die...
Your body crumbles into a pile of gold.

#..#
#..#
#.#
#..#
#..#
#..#
#.#
#..#
#..#
#..#
#.#
#..#
##..#
#..#
#.#
#..#
....#
#..#
#.#
#..#
###.#
#..#
#$#
#..#
#.#
#..#
#.#
#..#
#>#
#..#
#J#
#..#
#.#
#..#
#@#
#..#
#.#
#..#
#.#
#..#
#.#
#..#
#.#
#..#
#.#
#..#
#.#
#..#
#.#
#..#
#.#
#..#
#.#
#..#
#.#
#..#
#.#
#..#
#.#
#..#
#.#
#..#
#.#
#..#
#.#
#.[#
#.#
#..#


You could see a titanic slime creature.

Vanquished Creatures
  2 orc warlords (Orc:2)
  Azrael (D:13)
  Snorg (Lair:3)
  An ice dragon (D:11)
  2 boulder beetles
  13 hydras
  2 centaur warriors
  Erica (Lair:2)
  9 two-headed ogres
  2 tengu warriors
  Urug (D:12)
  An orc high priest (Orc:2)
  Sonja (Lair:5)
  A wizard (D:9)
  4 lindwurms
  3 deep elf pyromancers
  An orc knight (D:10)
  5 orc sorcerers
  3 manticores
  8 cyclopes
  2 ugly things
  31 elephants
  3 black mambas (Lair:3)
  Joseph (D:9)
  3 gargoyles
  6 torpor snails
  An unseen horror (D:11)
  A kobold demonologist (D:9)
  7 cane toads
  6 komodo dragons
  2 efreet
  2 tengu conjurers (D:12)
  4 tyrant leeches (Lair:5)
  13 polar bears
  7 trolls
  8 blink frogs
  10 slime creatures
  2 raiju (Lair:5)
  7 hornets (Lair:5)
  5 dream sheep
  A vampire (D:11)
  4 wraiths
  44 yaks
  3 fire elementals (D:13)
  4 basilisks
  7 wyverns
  Grum (D:10)
  6 vampire mosquitoes
  2 swamp worms (Lair:2)
  3 acid dragons
  18 wargs
  26 water moccasins
  19 black bears
  17 hell hounds
  2 ice beasts
  39 orc warriors
  2 sky beasts (D:6)
  8 ogres
  21 wolves
  5 centaurs
  2 phantoms
  3 kobold brigands
  7 bullfrogs
  A water moccasin zombie (D:7)
  2 necrophages (D:7)
  A wyvern zombie (D:7)
  2 gnoll sergeants
  4 scorpions
  5 wights
  6 killer bees (D:10)
  An electric eel (Lair:1)
  11 howler monkeys
  A bullfrog zombie (D:7)
  3 hounds
  A centaur zombie (D:7)
  A human zombie (D:7)
  4 jellies
  16 orc priests
  2 gnoll boudas
  Jessica (D:2)
  Natasha (thrice) (D:2)
  3 iguanas
  27 orc wizards
  A killer bee zombie (D:7)
  2 mummies (D:7)
  Robin (D:2)
  18 gnolls
  7 adders
  A shadow imp (D:7)
  2 white imps (D:6)
  An ufetubus (D:7)
  2 dart slugs
  99 orcs
  11 ball pythons
  8 endoplasms
  7 giant cockroaches
  8 goblins
  5 hobgoblins
  8 jackals
  5 quokkas
  10 bats
  2 frilled lizards (D:3)
  14 kobolds
  7 rats
741 creatures vanquished.

Vanquished Creatures (collateral kills)
  Josephine (Lair:5)
  A hydra (Lair:5)
  A black mamba (Lair:5)
  A cane toad (Lair:5)
  2 wraiths (Lair:5)
  A basilisk (Lair:5)
  An orc warrior (Orc:2)
  3 orc priests (Orc:2)
  An orc wizard (Orc:2)
  7 orcs (Orc:2)
19 creatures vanquished.

Vanquished Creatures (others)
  A polar bear (D:11)
  An ogre (Orc:2)
  A human (D:5)
  2 orc wizards (Orc:2)
  4 orcs
  31 fungi
  88 plants
128 creatures vanquished.

Grand Total: 888 creatures vanquished

Notes
Turn   | Place    | Note
-------+----------+-------------------------------------------
     0 | D:1      | concernfroge the Mummy Monk began the quest for the Orb.
     0 | D:1      | Reached XP level 1. HP: 18/18 MP: 1/1
    79 | D:1      | Reached XP level 2. HP: 3/24 MP: 2/2
   903 | D:1      | Gained mutation: You are in touch with the powers of death.
                  | [Mummy growth]
   903 | D:1      | Reached XP level 3. HP: 30/30 MP: 3/3
  1548 | D:2      | Reached XP level 4. HP: 32/38 MP: 4/4
  1551 | D:2      | Noticed Robin
  1567 | D:2      | Noticed Jessica
  1655 | D:2      | Killed Jessica
  1656 | D:2      | Reached skill level 5 in Fighting
  1684 | D:2      | Killed Robin
  1877 | D:2      | Noticed Natasha
  1890 | D:2      | Killed Natasha
  1891 | D:2      | Reached XP level 5. HP: 42/46 MP: 5/5
  2027 | D:2      | Noticed Natasha
  2038 | D:2      | Killed Natasha
  2059 | D:2      | Noticed Natasha
  2072 | D:2      | Killed Natasha
  2149 | D:3      | Noticed a phantom
  2170 | D:3      | Killed a phantom
  2171 | D:3      | Reached XP level 6. HP: 36/53 MP: 6/6
  3291 | D:4      | Found a burning altar of Makhleb.
  3292 | D:4      | Found a staircase to the Ecumenical Temple.
  3304 | Temple   | Entered the Ecumenical Temple
  3337 | Temple   | Became a worshipper of Gozag Ym Sagoz the Greedy
  3567 | D:4      | Found Nasegryd's General Store.
  3790 | D:5      | Entered Level 5 of the Dungeon
  3797 | D:4      | Reached skill level 3 in Polearms
  3880 | D:5      | Found a blossoming altar of Fedhas.
  3962 | D:5      | Reached XP level 7. HP: 59/60 MP: 7/7
  4286 | D:5      | Reached skill level 4 in Polearms
  4545 | D:5      | Found Mudeang's Magic Scroll Emporium.
  4550 | D:5      | Reached skill level 5 in Polearms
  4558 | D:5      | Bought a scroll of teleportation for 33 gold pieces
  4558 | D:5      | Bought a scroll of teleportation for 33 gold pieces
  4558 | D:5      | Bought 2 scrolls of identify for 44 gold pieces
  4558 | D:5      | Bought a scroll of magic mapping for 82 gold pieces
  4558 | D:5      | Bought a scroll of enchant armour for 82 gold pieces
  4714 | D:5      | Reached XP level 8. HP: 29/67 MP: 8/8
  5006 | D:5      | Found an ancient bone altar of Kikubaaqudgha.
  5262 | D:6      | Reached skill level 6 in Polearms
  5316 | D:6      | Found a broken altar of Ashenzari.
  5395 | D:6      | Reached skill level 7 in Polearms
  6396 | D:6      | Reached skill level 8 in Polearms
  6497 | D:7      | Reached XP level 9. HP: 72/72 MP: 9/9
  6801 | D:7      | Reached skill level 9 in Polearms
  6829 | D:7      | Found a basalt altar of Yredelemnul.
  7701 | D:7      | Reached skill level 10 in Polearms
  7891 | D:8      | Noticed a two-headed ogre
  7900 | D:8      | Killed a two-headed ogre
  7901 | D:8      | Reached skill level 11 in Polearms
  7901 | D:8      | Reached XP level 10. HP: 71/79 MP: 10/10
  8038 | D:8      | Noticed a two-headed ogre
  8047 | D:8      | Killed a two-headed ogre
  9066 | D:9      | Found a radiant altar of Vehumet.
  9110 | D:9      | Reached skill level 12 in Polearms
  9344 | D:9      | Noticed Joseph
  9358 | D:9      | Killed Joseph
  9364 | D:9      | Reached skill level 13 in Polearms
  9633 | D:9      | Noticed a two-headed ogre
  9669 | D:9      | Killed a two-headed ogre
  9670 | D:9      | Reached XP level 11. HP: 60/84 MP: 11/11
  9809 | D:9      | Found an iron altar of Okawaru.
  9887 | D:9      | Noticed a deep elf pyromancer
  9887 | D:9      | Noticed a tengu warrior
  9887 | D:9      | Noticed a centaur warrior
  9887 | D:9      | Noticed a wizard
  9887 | D:9      | Noticed a deep elf pyromancer
 10043 | D:9      | Found a bloodstained altar of Trog.
 10407 | D:10     | Entered Level 10 of the Dungeon
 10989 | D:10     | Noticed Grum
 11005 | D:10     | Killed Grum
 11324 | D:10     | Reached skill level 14 in Polearms
 11391 | D:10     | Found a staircase to the Orcish Mines.
 11396 | D:10     | Noticed a tengu warrior
 11489 | D:10     | Killed a tengu warrior
 11529 | D:10     | Noticed a boulder beetle
 11539 | D:10     | Found a staircase to the Lair.
 11546 | Lair:1   | Entered Level 1 of the Lair of Beasts
 11915 | Lair:1   | Reached skill level 5 in Dodging
 11943 | Lair:1   | Noticed a six-headed hydra
 12347 | Lair:2   | Noticed a five-headed hydra
 12396 | Lair:2   | Noticed Erica
 12427 | Lair:2   | Killed Erica
 12692 | Lair:2   | Noticed a six-headed hydra
 12702 | Lair:2   | Killed a five-headed hydra
 12715 | Lair:2   | Noticed an eight-headed hydra
 12863 | Lair:1   | Reached XP level 12. HP: 39/91 MP: 12/12
 13359 | Lair:1   | Killed a six-headed hydra
 13954 | Lair:2   | Killed a one-headed hydra
 13974 | Lair:2   | Noticed an eight-headed hydra
 14056 | Lair:2   | Killed a three-headed hydra
 14493 | Lair:2   | Noticed an eight-headed hydra
 14782 | Lair:3   | Found a staircase to the Snake Pit.
 14791 | Lair:3   | Reached skill level 10 in Dodging
 15310 | Lair:3   | Reached skill level 10 in Fighting
 15350 | Lair:3   | Noticed Snorg
 15377 | Lair:3   | Killed Snorg
 15378 | Lair:3   | Reached skill level 1 in Armour
 16040 | Lair:4   | Noticed a seven-headed hydra
 16050 | Lair:4   | Killed a one-headed hydra
 16051 | Lair:4   | Gained mutation: You are strongly in touch with the powers
                  | of death. [Mummy growth]
 16051 | Lair:4   | Reached XP level 13. HP: 64/103 MP: 13/13
 16887 | Lair:4   | Reached skill level 5 in Armour
 18020 | Lair:5   | Entered Level 5 of the Lair of Beasts
 18197 | Lair:5   | Noticed Sonja
 18206 | Lair:5   | Killed Sonja
 18855 | Lair:5   | Found a viscous altar of Jiyva.
 18864 | Lair:5   | Found a staircase to the Slime Pits.
 18884 | Lair:5   | Noticed Josephine
 18890 | Lair:5   | Killed Josephine
 18954 | Lair:4   | Reached XP level 14. HP: 87/110 MP: 14/14
 19093 | Lair:5   | Reached skill level 10 in Armour
 19322 | Lair:5   | Reached skill level 1 in Evocations
 19949 | Lair:4   | Upgraded the game from 0.29.0-7-g18a832c13a to
                  | 0.29.0-10-g45618ea6d2
 19974 | Lair:5   | Found a runed translucent door.
 20104 | Lair:5   | Reached skill level 5 in Evocations
 22260 | Lair:2   | Found a staircase to the Swamp.
 22953 | D:10     | Found a runed translucent gate.
 22954 | D:10     | Found a runed translucent gate.
 22955 | D:10     | Found a runed translucent gate.
 24366 | D:11     | Found Tixic's Specific Store.
 24369 | D:11     | Found Miezuvvi's General Store.
 24375 | D:11     | Bought a scroll of enchant weapon for 120 gold pieces
 24379 | D:11     | Bought a scroll of fear for 48 gold pieces
 25202 | D:11     | Reached XP level 15. HP: 75/115 MP: 15/15
 25944 | D:11     | Reached skill level 10 in Evocations
 26003 | D:11     | Reached skill level 1 in Throwing
 27637 | D:12     | Noticed Urug
 27650 | D:12     | Killed Urug
 28175 | Orc:1    | Entered Level 1 of the Orcish Mines
 28236 | D:10     | Reached skill level 1 in Shields
 28297 | Orc:1    | Paralysed by an orc sorcerer for 4 turns
 28346 | Orc:1    | Paralysed by an orc sorcerer for 4 turns
 29280 | Orc:2    | Entered Level 2 of the Orcish Mines
 29328 | Orc:2    | Noticed an orc warlord
 29370 | Orc:2    | Killed an orc warlord
 29740 | Orc:2    | Found a staircase to the Elven Halls.
 30275 | Orc:2    | Noticed an orc warlord
 30552 | Orc:2    | Killed an orc warlord
 30553 | Orc:2    | Reached skill level 5 in Shields
 30748 | Orc:2    | Found Pivig's Distillery.
 30929 | Orc:2    | Found Kinkaez's Antique Weapon Shop.
 30931 | Orc:2    | Found Kaeluo Rongu's Antique Armour Boutique.
 30996 | Orc:2    | Found Hove's General Store.
 31019 | Orc:2    | Bought a scroll of magic mapping for 120 gold pieces
 31019 | Orc:2    | Bought a tin of tremorstones (2/2) for 640 gold pieces
 31019 | Orc:2    | Bought a scroll of enchant armour for 120 gold pieces
 31019 | Orc:2    | Bought a scroll of poison for 64 gold pieces
 31061 | Orc:2    | Found Diluum's General Store.
 31065 | Orc:2    | Bought a scroll of vulnerability for 68 gold pieces
 31065 | Orc:2    | Bought a scroll of teleportation for 51 gold pieces
 31281 | D:4      | Bought a scroll of noise for 13 gold pieces
 31324 | D:5      | Bought a scroll of noise for 11 gold pieces
 31324 | D:5      | Bought a scroll of fear for 44 gold pieces
 31737 | D:13     | Noticed Azrael
 31746 | D:13     | Killed Azrael
 32398 | D:13     | Demolished by a titanic slime creature

Illustrated notes

Levels and vault maps discovered:
D:1:      roderic_dead_forest, layout_loops_ring, minmay_tromino_mix6
D:2:      layout_rooms, uniq_natasha, uniq_robin, uniq_jessica
D:3:      layout_rooms, grunt_decor_cap, minmay_unequal
D:4:      layout_basic, lemuel_tele_altar, minmay_temple_entry_proselytizer,
          serial_shops, nicolae_shop_crystal, chequers_garden,
          minmay_misc_feat_ornament, hangedman_decor_peaks_small
D:5:      layout_loops_corners, mainiacjoe_overflow_cross_hatched,
          tgw_kikubaaqudgha, serial_shops, shop
D:6:      layout_basic, mainiacjoe_overflow_tiny_flanked
D:7:      layout_loops_ring, lemuel_mausoleum_altar_yredelemnul
D:8:      layout_basic, nrook_uturn
D:9:      minmay_the_grid_triangle_9x9_rhombus_thin
          [minmay_the_grid_triangle_9x9_wacky_v,
          minmay_the_grid_triangle_9x9_prize_top_heavy,
          minmay_the_grid_triangle_9x9_negative_grid,
          minmay_the_grid_triangle_9x9_shrine], layout_rooms,
          nicolae_vehumet_radiance, kennysheep_little_box, trog_ov_bears_minmay,
          uniq_joseph
D:10:     layout_long_grid, mainiacjoe_overflow_24_doors,
          erik_lair_orcish_takeover, minmay_orc_entry_guard_dogs,
          ploomutoo_gammafunk_ghost_potion_laboratory, minmay_chambers_of_fives,
          uniq_grum
D:11:     nzn_winding_woodlands_stair_cross
          [nzn_winding_woodlands_5x15_concentric,
          nzn_winding_woodlands_center_garden,
          nzn_winding_woodlands_5x15_jagged,
          nzn_winding_woodlands_5x5_open_star,
          nzn_winding_woodlands_5x5_perimeter, nzn_winding_woodlands_5x15_cabin,
          nzn_winding_woodlands_center_diamonds,
          nzn_winding_woodlands_5x15_pathside_ponds], layout_basic,
          portal_ice_cave_entry_animals_and_master, nicolae_specific_store
D:12:     layout_big_octagon, gauntlet_entry_generic,
          kennysheep_generic_room_15, uniq_urug
D:13:     layout_long_grid, uniq_azrael, uniq_kirke
D:14:     layout_irregular_city, david_vaults_2, nicolae_kite_square_tiling_tiny
Temple:   nicolae_temple_ecumenical_triangle
Lair:1:   layout_loops_ring, grunt_megastairs_2, infiniplex_staircase_pool,
          lemuel_fruit_tree
Lair:2:   layout_chaotic_city, palyth_hydra_swamp_entry, grunt_megastairs_5,
          uniq_erica
Lair:3:   layout_hall_layers, minmay_snake_entry_six_corridors,
          kennysheep_basilisk_garden, serial_bayou_shore_a, uniq_snorg
Lair:4:   layout_loops_ring
Lair:5:   wormcave, layout_cave_shapes, hangedman_lair_caniforms_friends,
          minmay_slime_entry_pillars, uniq_sonja, uniq_josephine
Orc:1:    layout_diamond_mine, sword_in_stone
Orc:2:    grunt_orc_community_town_hall, layout_caves,
          grunt_orc_community_big_house_1, grunt_orc_community_big_house_1,
          grunt_orc_community_house_3, grunt_orc_community_house_1,
          grunt_orc_community_house_3, grunt_orc_community_house_2,
          grunt_orc_community_house_1, serial_shops, nicolae_shop_behind_doors

Skill      XL: |  1  2  3  4  5  6  7  8  9 10 11 12 13 14 15 |
---------------+----------------------------------------------+-----
Fighting       | 4 5 6 7 10 | 10.0
Polearms       | 3 5 8 11 13 14 | 14.0
Dodging        | 7 10 | 10.0
Armour         | 2 9 10 | 10.0
Evocations     | 9 10 | 10.0
Throwing       | 4 |  4.4
Shields        | 6 |  6.1
Stealth        | |  1.5

Action                   |  1- 3 |  4- 6 |  7- 9 | 10-12 | 13-15 || total
-------------------------+-------+-------+-------+-------+-------++-------
Melee: Spear             |    71 |       |       |       |       ||    71
       Whip              |    75 |    65 |       |       |       ||   140
       Punch             |     1 |     1 |       |     1 |     1 ||     4
       Club              |       |   111 |       |       |       ||   111
       Halberd           |       |    34 |   410 |   256 |       ||   700
       Glaive            |       |       |       |   494 |  1364 ||  1858
       Scimitar          |       |       |       |    28 |    71 ||    99
       Trident           |       |       |       |       |   617 ||   617
Throw: Dart              |     6 |    26 |    38 |    48 |    50 ||   168
       Boomerang         |       |       |     2 |    12 |    15 ||    29
       Throwing net      |       |       |       |     2 |       ||     2
       Javelin           |       |       |       |       |     8 ||     8
Invok: Potion Petition   |       |       |       |     5 |     4 ||     9
Evoke: Wand              |       |       |    14 |    36 |    27 ||    77
       Lightning rod     |       |       |       |       |    11 ||    11
       Tin of tremorston |       |       |       |       |     2 ||     2
  Use: Scroll            |       |     7 |     9 |    22 |    24 ||    62
 Stab: Sleeping          |     1 |       |     5 |       |     1 ||     7
       Distracted        |       |     1 |     1 |     1 |    14 ||    17
       Paralysed         |       |       |     8 |     8 |    23 ||    39
       Held in net/web   |       |       |       |     2 |       ||     2
       Invisible         |       |       |       |     4 |     7 ||    11
Armor: Robe              |     9 |       |       |       |       ||     9
       Ring mail         |    23 |   124 |   163 |   238 |   662 ||  1210
Dodge: Dodged            |    75 |   147 |   217 |   533 |  1506 ||  2478
Block: Other             |       |       |    46 |   170 |   314 ||   530
       Reflection        |       |       |       |     4 |    14 ||    18
       Kite shield       |       |       |       |       |   221 ||   221
       Buckler           |       |       |       |       |    38 ||    38
